 Dungeon Crawl Stone Soup version 0.19.1-1-g22dce08 (webtiles) character file.

110 HessuHobo the Conjurer (level 4, -3/33 HPs)
             Began as a Draconian Conjurer on Dec 28, 2016.
             Slain by Grinder (6 damage)
             ... on level 2 of the Dungeon.
             The game lasted 00:07:17 (2829 turns).

HessuHobo the Conjurer (Draconian Conjurer)         Turns: 2829, Time: 00:07:18

Health: -3/33      AC:  6    Str: 11    XL:     4   Next: 61%
Magic:  4/7        EV: 12    Int: 16    God:
Gold:   158        SH:  0    Dex: 11    Spells: 2 memorised, 4 levels left

rFire  . . .     SeeInvis .     g - +2 dagger (venom)
rCold  + . .     Gourm    .     (armour unavailable)
rNeg   . . .     Faith    .     (no shield)
rPois  .         Spirit   .     (helmet restricted)
rElec  .         Reflect  .     q - +0 cloak
rCorr  .         Harm     .     (no gloves)
MR     .....                    (no boots)
Stlth  +++.......               (no amulet)
                                m - ring of protection from cold
                                d - ring of stealth

@: no status effects
A: unfitting armour, cold-blooded, AC +5
a: no special abilities


You were on level 2 of the Dungeon.
You were not hungry.

You visited 1 branch of the dungeon, and saw 3 of its levels.

You collected 158 gold pieces.

Inventory:

Hand Weapons
 g - a +2 dagger of venom (weapon)
Armour
 q - a +0 cloak (worn)
Jewellery
 d - a ring of stealth (left hand)
 l - an uncursed ring of stealth
 m - a ring of protection from cold (right hand)
Wands
 k - a wand of polymorph (7/24)
Scrolls
 c - a scroll of blinking
 e - a scroll of remove curse
 f - a scroll of identify
 n - 2 scrolls of teleportation
Potions
 h - a potion of agility {unknown}
 i - a potion of magic
 j - 2 potions of curing {unknown}
Books
 a - a book of Conjurations

   Spells                             Type                      Level
   a - Magic Dart                     Conjuration                  1
   b - Searing Ray                    Conjuration                  2
   c - Dazzling Spray                 Conjuration/Hexes            3
   d - Fulminant Prism                Conjuration/Hexes            4
   e - Iskenderun's Mystic Blast      Conjuration                  4
   f - Iskenderun's Battlesphere      Conjuration/Charms           5
Comestibles
 b - a bread ration
 o - a beef jerky


   Skills:
 + Level 0.4 Short Blades
 - Level 1.7 Dodging
 - Level 1.7 Stealth
 - Level 2.0 Spellcasting
 + Level 6.0 Conjurations


You had 4 spell levels left.
You knew the following spells:

 Your Spells              Type           Power        Failure   Level  Hunger
a - Magic Dart            Conj           ###.         1%          1    #......
b - Searing Ray           Conj           ###...       2%          2    ###....


Dungeon Overview and Level Annotations

Branches:
Dungeon (3/15)

Altars:
Ashenzari
Okawaru

Annotations:
D:2 Grinder


Innate Abilities, Weirdness & Mutations

Your plain brown scales are hard. (AC +5)
You cannot fit into any form of body armour.
You are cold-blooded and may be slowed by cold attacks.


Message History

Grinder blinks!
Grinder says, "I used to sell toenails on the black market."
Grinder gestures at you. Pain shoots through your body!
Grinder gestures at you.
You suddenly lose the ability to move!
Grinder gestures at you.
You shrug off the repeated paralysis!
Grinder hits you.
You writhe in agony.
Grinder hits you!
* * * LOW HITPOINT WARNING * * *
You can move again.
There is a stone staircase leading up here.
Grinder closely misses you.
You climb upwards.
There is a stone staircase leading down here.
You hit Grinder.
Grinder is heavily wounded.
Grinder hits you.
You die...

........####........# #)..# #
........# #........# ##### #
........####.....#### #
...#'####........#..### ###### #
.....####........#....# #.##.# #
.....'...........#....####'##'###
.....###............)..........##
..(..# #....##..5..............##
.....# #....##.#@..............'.
.....# #....##.#...............##
.....###.(.....#...............#
...............................#
...............................#
...............................#
####............##....###......#
......................# #......#
...................#### #......#


You could see Grinder.

Vanquished Creatures
  Crazy Yiuf (D:2)
  Jessica (D:2)
  An adder (D:2)
  2 dart slugs
  2 leopard geckos
  5 bats
  4 giant cockroaches
  6 goblins
  3 hobgoblins
  2 jackals (D:2)
  2 kobolds
  A quokka (D:2)
  A ball python (D:2)
  3 frilled lizards (D:2)
  3 rats
37 creatures vanquished.

Notes
Turn   | Place    | Note
-------+----------+-------------------------------------------
     0 | D:1      | HessuHobo the Draconian Conjurer began the quest for the Orb.
     0 | D:1      | Reached XP level 1. HP: 14/14 MP: 3/3
   648 | D:1      | Reached XP level 2. HP: 20/20 MP: 0/5
   659 | D:1      | Learned a level 2 spell: Searing Ray
  1363 | D:2      | Found an iron altar of Okawaru.
  1377 | D:2      | Noticed Jessica
  1385 | D:2      | Killed Jessica
  1385 | D:2      | Reached skill level 5 in Conjurations
  1385 | D:2      | Reached XP level 3. HP: 26/26 MP: 0/6
  1837 | D:2      | Reached XP level 4. HP: 33/33 MP: 2/7
  2133 | D:2      | Found a runed door.
  2286 | D:2      | Noticed Crazy Yiuf
  2316 | D:2      | Killed Crazy Yiuf
  2534 | D:3      | Found a shattered altar of Ashenzari.
  2538 | D:3      | Reached skill level 6 in Conjurations
  2593 | D:3      | Noticed Grinder
  2610 | D:3      | Paralysed by Grinder for 7 turns
  2630 | D:3      | Paralysed by Grinder for 6 turns
  2808 | D:3      | Paralysed by Grinder for 3 turns
  2819 | D:3      | Paralysed by Grinder for 6 turns
  2829 | D:2      | Slain by Grinder

Skill      XL: |  1  2  3  4 |
---------------+-------------+-----
Conjurations   | 5 6 |  6.0
Short Blades   | |  0.4
Dodging        | |  1.7
Stealth        | |  1.7
Spellcasting   | |  2.0

Action                   |  1- 3 |  4- 6 || total
-------------------------+-------+-------++-------
Melee: Dagger            |     5 |     5 ||    10
       Tailslap          |     1 |       ||     1
       Unarmed           |       |     4 ||     4
 Cast: Magic Dart        |    55 |    36 ||    91
  Use: Potion            |     1 |       ||     1
       Scroll            |       |     6 ||     6
  Eat: Chunk             |     4 |     3 ||     7
Armor: Skin              |     4 |     1 ||     5
Dodge: Dodged            |     6 |     2 ||     8
